 Dungeon Sprint DCSS version 0.30.1-9-gdf580d7c3d (webtiles) character file.

Game seed: 7387378771709857171

69 Heoruswealwe the Poker (level 4, -2/44 HPs)
             Began as a Minotaur Fighter on Oct 19, 2023.
             Succumbed to a water moccasin's poison
             ... in the Dungeon (Sprint IX: "|||||||||||||||||||||||||||||").
             The game lasted 00:00:42 (48 turns).

Heoruswealwe the Poker (Minotaur Fighter)             Turns: 48, Time: 00:00:43

Health: -2/44      AC:  7    Str: 23    XL:     4   Next: 2%
Magic:  3/3        EV:  9    Int:  5    God:
Gold:   0          SH:  4    Dex:  9    Spells: 3/3 levels left

rFire   . . .        a - +0 trident
rCold   . . .        d - +0 buckler
rNeg    . . .        c - +0 scale mail
rPois   .            (helmet restricted)
rElec   .            (no cloak)
rCorr   .            (no gloves)
SInv    .            (no boots)
Will    .....        (no amulet) Stlth
                     (no ring)
HPRegen 0.27/turn    (no ring)
MPRegen 0.08/turn

%: no teleportation
@: lethally poisoned (-2 -> -15)
A: horns 2, retaliatory headbutt
a: no special abilities


You were in the Dungeon.
You visited 1 branch

Inventory:

Hand Weapons
 a - a +0 trident (weapon)
Armour
 c - a +0 scale mail (worn)
 d - a +0 buckler (worn)
Scrolls
 j - a scroll of blinking
Potions
 b - a potion of might
 g - a potion of haste
 i - a potion of berserk rage


   Skills:
 + Level 5.9 Fighting
 * Level 7.0 Polearms
 + Level 5.9 Armour
 - Level 3.6 Shields


You had 3 spell levels left.
You didn't know any spells.
Your spell library was empty.

Dungeon Overview and Level Annotations

Branches:
Dungeon (1/1)

Altars:


Innate Abilities, Weirdness & Mutations

You have a pair of horns on your head.
You reflexively headbutt those who attack you in melee.


Message History

You barely miss the water moccasin.
The water moccasin is moderately wounded.
You feel sick. The water moccasin bites you.
You barely miss the water moccasin.
Your headbutt misses the water moccasin.
The water moccasin is moderately wounded.
You feel very sick.
The water moccasin bites you but does no damage.
You closely miss the water moccasin.
The water moccasin is moderately wounded.
You feel sick.
The water moccasin bites you but does no damage.
The water moccasin bites you.
You are more poisoned.
The water moccasin poisons you!
You barely miss the water moccasin.
Your headbutt misses the water moccasin.
The water moccasin is moderately wounded.
You feel very sick. The water moccasin barely misses you.
You puncture the water moccasin!
The water moccasin is heavily wounded.
You feel very sick. The water moccasin bites you!
* * * LOW HITPOINT WARNING * * *
You are lethally poisoned!
The water moccasin poisons you! You block the water moccasin's attack.
You closely miss the water moccasin.
The water moccasin is heavily wounded.
* * * LOW HITPOINT WARNING * * *
You feel very sick. The water moccasin barely misses you.
You hit the water moccasin. You headbutt the water moccasin.
The water moccasin is almost dead.
* * * LOW HITPOINT WARNING * * *
You feel very sick. The water moccasin closely misses you.
You barely miss the water moccasin.
The water moccasin is almost dead.
You die... ▓▓▓▓▓▓▓▓▓▓▓▓▓▓▓▓▓▓ +...wSS@...†'.!.<▓ ▓▓▓▓▓▓▓▓▓▓▓▓▓▓▓▓▓▓

You could see a water moccasin, an adder and a dart slug.

Vanquished Creatures
  A scorpion (D)
  An orc (D)
  An endoplasm (D)
  2 hobgoblins (D)
  A quokka (D)
  A ball python (D)
7 creatures vanquished.

Notes
Turn   | Place    | Note
-------+----------+-------------------------------------------
     0 | D        | Heoruswealwe the Minotaur Fighter began the quest for the
                  | Orb.
     0 | D        | Reached XP level 1. HP: 19/19 MP: 0/0
     6 | D        | Reached skill level 3 in Polearms
    17 | D        | Noticed a water moccasin
    17 | D        | Noticed a scorpion
    26 | D        | Killed a scorpion
    27 | D        | Reached skill level 5 in Fighting
    27 | D        | Reached skill level 7 in Polearms
    27 | D        | Reached skill level 5 in Armour
    27 | D        | Reached XP level 2. HP: 24/30 MP: 1/1
    27 | D        | Reached XP level 3. HP: 30/37 MP: 2/2
    31 | D        | Reached XP level 4. HP: 37/44 MP: 3/3
    47 | D        | HP: 2/44 [poisoned by a water moccasin]
    48 | D        | Succumbed to a water moccasin's poison

Illustrated notes

Levels and vault maps discovered:
D:        linesprint [early_d, line_temple, items_1, d_10, items_2, lair_1,
          lair_end, items_3, orc_1, orc_end, items_4, d_15, swamp_1, shoals_1,
          snake_1, spider_1, d_20, vaults_1, items_5, swamp_end, shoals_end,
          snake_end, spider_end, vaults_end, d_27, items_6, zot_1, zot_end,
          crypt_end, forest_end, elf_end, slime_end, tomb_end, abyss_end,
          pan_hell_end]

Skill      XL: |  1 |
---------------+----+-----
Polearms       | 7 |  7.0
Fighting       | 5 |  5.9
Armour         | 5 |  5.9
Shields        | |  3.6

Action                     |  1- 3 |  4- 6 || total
---------------------------+-------+-------++-------
  Melee: Trident           |    18 |    17 ||    35
         Headbutt          |     4 |     2 ||     6
    Use: Potion            |     1 |     1 ||     2
 Armour: Scale mail        |     5 |     6 ||    11
  Dodge: Dodged            |     7 |     7 ||    14
  Block: Buckler           |     3 |     1 ||     4
